 Dungeon Crawl Stone Soup version 0.29.1-13-g9f3cf754e1 (webtiles) character file.

Game seed: 1575185659841442043

182 H0rd4k the Charlatan (level 5, -1/36 HPs)
             Began as an Octopode Artificer on Jan 20, 2023.
             Slain by a gnoll
             ... wielding a +0 flail
              (14 damage)
             ... on level 3 of the Dungeon.
             The game lasted 00:02:42 (4375 turns).

H0rd4k the Charlatan (Octopode Artificer)           Turns: 4375, Time: 00:02:43

Health: -1/36      AC:  1    Str: 11    XL:     5   Next: 62%
Magic:  8/8        EV: 13    Int: 16    God:
Gold:   117        SH:  0    Dex: 12    Spells: 8/8 levels left

rFire   . . .      SeeInvis .     - Unarmed
rCold   . . .      Faith    .   (no shield)
rNeg    . . .      Spirit   .   (helmet restricted)
rPois   .          Reflect  .   (no amulet)
rElec   .          Harm     .   (no ring)
rCorr   .          Rampage  .   (no ring)
Will    .....                   (no ring)
Stlth   +++.......              (no ring)
HPRegen 0.12/turn               (no ring)
MPRegen 0.11/turn               (no ring)
                                (no ring)
                                (no ring)

@: no status effects
A: almost no armour, amphibious, 8 rings, camouflage 1, gelatinous body 1,
(nimble swimmer 1), tentacles
a: no special abilities


You were on level 3 of the Dungeon.
You visited 1 branch of the dungeon, and saw 4 of its levels.

You collected 117 gold pieces.

Inventory:

Jewellery
 e - a ring of magical power
Wands
 b - a wand of flame (5) (quivered)
 c - a wand of charming (10)
 d - a wand of iceblast (5)
Scrolls
 a - 9 scrolls of identify {unknown}
 f - a scroll of enchant armour {unknown}
 g - a scroll of immolation {unknown}
 i - 2 scrolls of noise {unknown}
 j - a scroll of vulnerability {unknown}
 n - a scroll of teleportation {unknown}
 p - a scroll of silence {unknown}
Potions
 h - a potion of curing
 k - a potion of resistance {unknown}
 l - a potion of invisibility
 m - 2 potions of attraction {unknown}
 o - 2 potions of flight {unknown}


   Skills:
 * Level 3.1 Fighting
 - Level 2.3 Dodging
 - Level 1.3 Stealth
 + Level 3.0 Unarmed Combat
 * Level 2.1 Spellcasting
 - Level 3.2 Evocations


You had 8 spell levels left.
You didn't know any spells.
Your spell library contained the following spells:

 Spells                   Type           Power      Damage    Failure   Level
 Sublimation of Blood     Necr           1%         N/A       30%         2
 Petrify                  Tmut/Erth      1%         N/A       90%         4
 Irradiate                Conj/Tmut      0%         3d11      99%         5


Dungeon Overview and Level Annotations

Branches:
Dungeon (4/15)
 Temple: D:4-7

Altars:

Shops:
D:1 (


Innate Abilities, Weirdness & Mutations

You cannot wear most types of armour.
You are amphibious.
You can wear up to eight rings at the same time.
Your skin changes colour to match your surroundings (Stealth+).
Your rubbery body absorbs attacks. (AC +1, EV +1)
((You are camouflaged when in or above water. (Stealth+)))
You have tentacles for arms and can constrict up to eight enemies at once.


Message History

The adder barely misses you.
You closely miss the adder. You grab the adder. You squeeze the adder.
You kill the adder!
No target in view!
You see here an adder corpse.
A rat is nearby!
A rat is nearby!
A rat is nearby!
A rat is nearby!
You tentacle-slap the rat.
You kill the rat!
You see here a +0 flail.
A gnoll is nearby!
No target in view!
i - 2 scrolls labelled HEDUDU QISANE (gained 1)
The gnoll shouts!
You barely miss the gnoll. You grab the gnoll.
You constrict the gnoll, but do no damage.
The gnoll hits you with a +0 flail!
You completely miss the gnoll. You squeeze the gnoll.
The gnoll is moderately wounded.
You constrict the gnoll, but do no damage.
The gnoll misses you.
You tentacle-slap the gnoll but do no damage.
You squeeze the gnoll.
The gnoll is moderately wounded.
You constrict the gnoll. The gnoll hits you with a +0 flail.
You tentacle-slap the gnoll.
The gnoll is severely wounded.
You constrict the gnoll. The gnoll hits you with a +0 flail.
You are too injured to fight recklessly!
You are too injured to fight recklessly!
A gnoll is nearby!
A gnoll is nearby!
You are too injured to fight recklessly!
You are too injured to fight recklessly!
You tentacle-slap the gnoll.
The gnoll is severely wounded.
You constrict the gnoll. The gnoll hits you with a +0 flail!
You die...

#.############.#########.###
#.#............# #....
####.#............#############
#....#............##........#..
##.###............##.#..###.#.#
#.# #............##.#....#.#.#
#.# #....รท..<....##.##.#.#.#.#
#.# #.......g.......##)#...#.#
##.###........@...#####.#####.#
#...g)............# #.......#
######............# #########
......#....#.# .####.##..#.#.#
#. ...(#..#.#.##### # .
..#..#.#.....# #.#..#.#####.#
#..#.#####.#


You could see a gnoll.

Vanquished Creatures
  Natasha (thrice) (D:3)
  3 adders
  2 dart slugs (D:1)
  An orc (D:3)
  7 ball pythons
  7 endoplasms
  6 goblins
  5 hobgoblins
  5 jackals (D:1)
  4 quokkas
  5 bats
  A frilled lizard (D:3)
  5 kobolds
  6 rats
60 creatures vanquished.

Vanquished Creatures (collateral kills)
  A gnoll (D:3)
  A kobold (D:3)
2 creatures vanquished.

Vanquished Creatures (others)
  A gnoll (D:3)
  2 demonic plants (D:4)
3 creatures vanquished.

Grand Total: 65 creatures vanquished

Notes
Turn   | Place    | Note
-------+----------+-------------------------------------------
     0 | D:1      | H0rd4k the Octopode Artificer began the quest for the Orb.
     0 | D:1      | Reached XP level 1. HP: 13/13 MP: 1/1
   148 | D:1      | Reached XP level 2. HP: 8/19 MP: 2/2
   354 | D:1      | Reached skill level 1 in Spellcasting
   523 | D:1      | Found Nehip's Weapon Shop.
   775 | D:1      | Reached XP level 3. HP: 10/24 MP: 4/4
  1265 | D:1      | Reached skill level 1 in Unarmed Combat
  2493 | D:2      | Found a faded altar of an unknown god.
  2558 | D:2      | Reached XP level 4. HP: 30/30 MP: 6/6
  3165 | D:3      | Noticed Natasha
  3174 | D:3      | Killed Natasha
  3197 | D:3      | Noticed Natasha
  3484 | D:3      | Killed Natasha
  3485 | D:3      | Reached XP level 5. HP: 26/36 MP: 6/8
  4032 | D:3      | Noticed Natasha
  4253 | D:3      | Killed Natasha
  4375 | D:3      | Slain by a gnoll

Illustrated notes

Levels and vault maps discovered:
D:1:      dpeg_arrival_ternary, layout_basic, serial_shops,
          nicolae_shop_statue_plus
D:2:      layout_basic, shapermc_ecumenical_altar_mp_vishouse
D:3:      layout_basic, uniq_natasha
D:4:      minmay_diamond_boxcup, layout_basic, serial_demonic, serial_demonic_c,
          serial_demonic_e, serial_demonic_b, serial_demonic_e,
          serial_demonic_a, serial_demonic_a, uniq_edmund, uniq_ijyb,
          uniq_menkaure

Skill      XL: |  1  2  3  4  5 |
---------------+----------------+-----
Spellcasting   | 1 2 |  2.1
Fighting       | 2 3 |  3.1
Unarmed Combat | 1 2 3 |  3.0
Dodging        | |  2.3
Stealth        | |  1.3
Evocations     | |  3.2

Action                   |  1- 3 |  4- 6 || total
-------------------------+-------+-------++-------
Melee: Unarmed           |   120 |    44 ||   164
       Constrict         |    36 |    12 ||    48
       Tentacles         |    24 |    11 ||    35
       Punch             |     1 |       ||     1
Evoke: Wand              |       |    15 ||    15
  Use: Potion            |     1 |     1 ||     2
 Stab: Sleeping          |     8 |     4 ||    12
Armor: Skin              |    14 |     2 ||    16
Dodge: Dodged            |    99 |    29 ||   128
